 Dungeon Crawl Stone Soup version 0.30-a0-509-gd016549fea (webtiles) character file.

Game seed: 1035324816440096509

89 XLettuce the Trooper (level 4, -5/36 HPs)
             Began as a Human Fighter on Dec 22, 2022.
             Was a Believer of Qazlal.
             Slain by Crazy Yiuf
             ... wielding a +3 quarterstaff of chaos
              (11 damage)
             ... on level 2 of the Dungeon.
             The game lasted 00:09:33 (1375 turns).

XLettuce the Trooper (Human Fighter)                Turns: 1375, Time: 00:09:33

Health: -5/36      AC:  9    Str: 17    XL:     4   Next: 84%
Magic:  0/4        EV:  9    Int:  8    God:    Qazlal [**....]
Gold:   65         SH:  7    Dex: 14    Spells: 3/3 levels left

rFire   . . .      SeeInvis .    a - +0 long sword
rCold   . . .      Faith    .    c - +0 buckler
rNeg    . . .      Spirit   .    b - +0 scale mail
rPois   .          Reflect  .    (no helmet)
rElec   .          Harm     .    (no cloak)
rCorr   .          Rampage  .    l - +0 pair of gloves
Will    .....                    r - +0 pair of boots {Fly}
Stlth   ..........               (no amulet)
HPRegen 0.26/turn                (no ring)
MPRegen 0.09/turn                (no ring)

@: flying
A: no striking features
a: Renounce Religion, Upheaval


You were on level 2 of the Dungeon.
You worshipped Qazlal.
Qazlal was pleased with you.
You visited 1 branch of the dungeon, and saw 2 of its levels.

You collected 65 gold pieces.

Inventory:

Hand Weapons
 a - a +0 long sword (weapon)
 i - a +2 dagger of venom
Missiles
 w - 4 atropa-tipped darts (quivered)
Armour
 b - a +0 scale mail (worn)
 c - a +0 buckler (worn)
 l - a +0 pair of gloves (worn)
 r - a +0 pair of boots of flying (worn)
Jewellery
 k - a +6 ring of intelligence
Scrolls
 e - 2 scrolls of teleportation {unknown}
 f - 2 scrolls of fear {unknown}
 g - 2 scrolls of identify {unknown}
 h - a scroll of brand weapon {unknown}
 m - a scroll of fog {unknown}
 n - 4 scrolls of noise {unknown}
 p - a scroll of vulnerability {unknown}
 q - a scroll of enchant weapon {unknown}
 s - a scroll of immolation {unknown}
 t - 2 scrolls of butterflies {unknown}
Potions
 d - 2 potions of might
 j - a potion of invisibility {unknown}
 o - 2 potions of haste
 u - a potion of heal wounds {unknown}
 v - a potion of attraction {unknown}


   Skills:
 * Level 3.6 Fighting
 * Level 3.0 Long Blades
 + Level 3.1 Armour
 * Level 1.8 Dodging
 + Level 3.3 Shields


You had 3 spell levels left.
You didn't know any spells.
Your spell library contained the following spells:

 Spells                   Type           Power      Damage    Failure   Level
 Stone Arrow              Conj/Erth      0%         3d7       99%         3
 Tukima's Dance           Hex            0%         N/A       99%         3
 Animate Armour           Summ/Erth      0%         N/A       100%        4
 Passage of Golubria      Tloc           0%         N/A       100%        4
 Yara's Violent Unravell  Hex/Tmut       0%         3d3       100%        5
 Lehudib's Crystal Spear  Conj/Erth      0%         10d2      100%        8


Dungeon Overview and Level Annotations

Branches:
Dungeon (2/15)

Altars:
Qazlal
Vehumet

Annotations:
D:2 Crazy Yiuf


Message History

Anything else - Cancel.
Okay, then.
Throw: 5 darts (atropa)
Press: ? - help, Q - select action, (/) - cycle Shift-Dir - straight line, f - you
Okay, then.
You reach down and open the door.
Crazy Yiuf laughs, "East!
Dawk chair senile."
Throw: 5 darts (atropa)
Press: ? - help, Q - select action, (/) - cycle Shift-Dir - straight line, f - Crazy Yiuf
Aim: Crazy Yiuf, wielding a +3 quarterstaff of chaos and wearing a +0 cloak (63% to hit, chance to blind on hit: 75%)
You throw an atropa-tipped dart.
The atropa-tipped dart barely misses Crazy Yiuf.
Crazy Yiuf hits you with a +3 quarterstaff of chaos.
Crazy Yiuf burns you.
You slash Crazy Yiuf!
Crazy Yiuf is moderately wounded.
You block Crazy Yiuf's attack.
You slash Crazy Yiuf!
Crazy Yiuf is severely wounded.
You block Crazy Yiuf's attack.
You hit Crazy Yiuf.
Crazy Yiuf is almost dead.
Crazy Yiuf drinks a potion.
Crazy Yiuf is healed!
Crazy Yiuf laughs, "Pitchfork!
Millenium childish canine."
You block Crazy Yiuf's attack.
You barely miss Crazy Yiuf.
Crazy Yiuf is heavily wounded.
Crazy Yiuf hits you with a +3 quarterstaff of chaos.
You feel your power leaking away.
You hit Crazy Yiuf.
Crazy Yiuf is severely wounded.
Crazy Yiuf hits you but does no damage.
You are electrocuted!
* * * LOW HITPOINT WARNING * * *
You hit Crazy Yiuf but do no damage.
Crazy Yiuf is severely wounded.
Crazy Yiuf hits you with a +3 quarterstaff of chaos.
* * * LOW HITPOINT WARNING * * *
You feel your power leaking away.
Crazy Yiuf hits you with a +3 quarterstaff of chaos!
You die...

##########
.........#
.......###
.....###
##### .....#
#.()# #>...#
#...# .....#
... #....#
#g# #....#
##@# #....#
#.## #....#
##.#
#....#######
#.##
#..........#
##.##
##.#######.#
#...# #.###
### #...##
#...##
#....#
###..#
##....#


You could see Crazy Yiuf.

Vanquished Creatures
  2 adders (D:2)
  2 worms (D:2)
  A dart slug (D:1)
  3 ball pythons
  9 endoplasms
  A giant cockroach (D:2)
  4 goblins (D:1)
  7 hobgoblins
  7 jackals (D:1)
  4 quokkas
  6 bats
  2 frilled lizards
  3 kobolds
  6 rats
57 creatures vanquished.

Notes
Turn   | Place    | Note
-------+----------+-------------------------------------------
     0 | D:1      | XLettuce the Human Fighter began the quest for the Orb.
     0 | D:1      | Reached XP level 1. HP: 18/18 MP: 1/1
   116 | D:1      | Reached XP level 2. HP: 24/24 MP: 2/2
   226 | D:1      | Reached XP level 3. HP: 29/29 MP: 3/3
   238 | D:1      | Found a faded altar of an unknown god.
   243 | D:1      | Prayed at the altar of an unknown god.
   243 | D:1      | Became a worshipper of Qazlal Stormbringer
   243 | D:1      | Reached * piety under Qazlal
   391 | D:1      | Reached skill level 1 in Dodging
   738 | D:2      | Reached XP level 4. HP: 27/35 MP: 4/4
  1045 | D:2      | Found a radiant altar of Vehumet.
  1165 | D:2      | Reached ** piety under Qazlal
  1364 | D:2      | Found a runed translucent door.
  1365 | D:2      | Noticed Crazy Yiuf
  1375 | D:2      | Slain by Crazy Yiuf

Illustrated notes

Levels and vault maps discovered:
D:1:      shiori_shiawase, layout_rooms, ebering_ecumenical_altar_rust,
          minmay_nonomino_d4
D:2:      layout_rooms, basic_altar, hangedman_decor_slide_cut, st_stairs_13,
          patterned_corridor, uniq_crazy_yiuf_cottage

Skill      XL: |  1  2  3  4 |
---------------+-------------+-----
Dodging        | 1 |  1.8
Long Blades    | 3 |  3.0
Fighting       | |  3.6
Armour         | |  3.1
Shields        | |  3.3

Action                   |  1- 3 |  4- 6 || total
-------------------------+-------+-------++-------
Melee: Long sword        |   115 |    50 ||   165
Throw: Dart              |       |     1 ||     1
Armor: Scale mail        |    56 |    13 ||    69
Dodge: Dodged            |    46 |    23 ||    69
Block: Buckler           |    38 |    15 ||    53

Table legend: (Time is in decaauts)
 A = Elapsed time spent in this place.
 B = Non-inter-level travel time spent in this place.
 C = Inter-level travel time spent in this place.
 D = Time resting spent in this place.
 E = Time spent auto-exploring this place.
 F = Levels seen in this place.
 G = Mean time per level.
                   A        B        C        D        E       F      G
               +--------+--------+--------+--------+--------+-----+--------+
         Total |   1426 |   1414 |     12 |     11 |    922 |   2 |  713.0 |
       Dungeon |   1426 |   1414 |     12 |     11 |    922 |   2 |  713.0 |
               +--------+--------+--------+--------+--------+-----+--------+

Top non-repeatable levels by time:
     D:2: 807 daAuts
     D:1: 618 daAuts
